 Dungeon Crawl Stone Soup version 0.22.0-16-gc6d26f6 (webtiles) character file.

32 letownia2 the Insei (level 3, 0/27 HPs)
             Began as a Demonspawn Transmuter on Aug 17, 2018.
             Slain by a jackal (1 damage)
             ... on level 3 of the Dungeon.
             The game lasted 00:03:24 (698 turns).

letownia2 the Insei (Demonspawn Transmuter)          Turns: 698, Time: 00:03:25

Health: 0/27       AC:  6    Str: 11    XL:     3   Next: 8%
Magic:  5/6        EV:  9    Int: 14    God:
Gold:   73         SH:  0    Dex: 13    Spells: 5/6 levels left

rFire    . . .     SeeInvis .     - Unarmed
rCold    . . .     Gourm    .   (no shield)
rNeg     . . .     Faith    .   l - +0 scale mail
rPois    .         Spirit   .   (helmet restricted)
rElec    .         Reflect  .   (no cloak)
rCorr    .         Harm     .   (no gloves)
MR       .....                  (no boots)
Stlth    ..........             (no amulet)
HPRegen  0.09/turn              (no ring)
MPRegen  0.10/turn              (no ring)

@: very slightly contaminated
A: horns 1
a: no special abilities


You were on level 3 of the Dungeon.
You were not hungry.

You visited 1 branch of the dungeon, and saw 3 of its levels.

You collected 73 gold pieces.

Inventory:

Missiles
 a - 12 arrows
Armour
 b - a +0 robe
 l - a +0 scale mail (worn)
Jewellery
 m - an uncursed ring of ice
Scrolls
 g - a scroll of teleportation {unknown}
 i - a scroll of remove curse {unknown}
 k - a scroll of identify {unknown}
Potions
 c - a potion of degeneration {unknown}
 e - a potion of haste {unknown}
 f - a potion of ambrosia {unknown}
 h - a potion of might {unknown}
 j - 2 potions of agility {unknown}
Comestibles
 d - 3 rations


   Skills:
 + Level 2.2 Fighting
 - Level 1.7 Dodging
 + Level 3.3 Unarmed Combat
 - Level 2.0 Spellcasting
 - Level 1.7 Transmutations


You had 5 spell levels left.
You knew the following spells:

 Your Spells              Type           Power        Failure   Level  Hunger
a - Beastly Appendage     Tmut           #.....       58%         1    ##.....

Your spell library contained the following spells:

 Spells                   Type           Power        Failure   Level  Hunger
 Spider Form              Tmut/Pois      #.........   97%         3    ####...
 Blade Hands              Tmut           #.........   100%        5    ######.
 Ice Form                 Ice/Tmut       #.......     100%        4    #####..
 Sticks to Snakes         Tmut           #.......     73%         2    ###....


Dungeon Overview and Level Annotations

Branches:
Dungeon (3/15)

Altars:

Annotations:
D:2 Sigmund


Innate Abilities, Weirdness & Mutations

You have a pair of small horns on your head.


Message History

You kill the leopard gecko!
* * * LOW HITPOINT WARNING * * *
You feel sick.
You are no longer poisoned.
The jackal bites you but does no damage.
Found a ration.
You see here a leopard gecko corpse.
You hit the jackal.
You headbutt the jackal, but do no damage.
The jackal is almost dead.
The jackal bites you but does no damage.
Unknown command.
Your scale mail prevents you from hitting the jackal.
You headbutt the jackal, but do no damage.
The jackal is severely wounded.
The jackal barely misses you. x2
You hit the jackal but do no damage.
The jackal is severely wounded.
The jackal bites you.
You die...

##.......## #####.###
#.# ##'## # ##...##
.#. ##.....## %...
.#.......## ....#
#..........####h.....
............'.@hh.....
............####h#####
####.......## ..
##.....## .# ##...##
.. ....## .# ####. .
..


You could see 4 jackals.

Vanquished Creatures
  An adder (D:3)
  A dart slug (D:1)
  A leopard gecko (D:3)
  A giant cockroach (D:1)
  2 hobgoblins (D:1)
  3 bats (D:1)
  2 frilled lizards (D:1)
  3 goblins (D:1)
  4 kobolds (D:1)
  3 rats (D:1)
21 creatures vanquished.

Notes
Turn   | Place    | Note
-------+----------+-------------------------------------------
     0 | D:1      | letownia2 the Demonspawn Transmuter began the quest for the Orb.
     0 | D:1      | Reached XP level 1. HP: 15/15 MP: 3/3
   200 | D:1      | Reached skill level 3 in Unarmed Combat
   200 | D:1      | Mutation became permanent: You have a pair of small horns on your head. [demonic ancestry]
   200 | D:1      | Gained mutation: You have a pair of horns on your head. [demonic ancestry]
   200 | D:1      | Reached XP level 2. HP: 15/21 MP: 3/5
   322 | D:2      | Found a faded altar of an unknown god.
   538 | D:2      | Noticed Sigmund
   674 | D:3      | Reached XP level 3. HP: 9/27 MP: 2/6
   692 | D:3      | HP: 1/27 [leopard gecko (3)]
   698 | D:3      | Slain by a jackal

Skill      XL: |  1  2 |
---------------+-------+-----
Unarmed Combat | 3 |  3.3
Fighting       | 2 |  2.2
Dodging        | |  1.7
Spellcasting   | |  2.0
Transmutations | |  1.7

Action                   || total
-------------------------++-------
Melee: Unarmed           ||    76
       Kick              ||     8
       Headbutt          ||     7
       Punch             ||     1
 Cast: Beastly Appendage ||    10
Armor: Robe              ||    12
       Scale mail        ||     8
Dodge: Dodged            ||    52
